 Dungeon Crawl Stone Soup version 0.29.0-11-gd7f09526c8 (webtiles) character file.

Game seed: 6038022186103397864

15166 Zeldest the Grappler (level 11, -3/77 HPs)
             Began as a Yellow Draconian Transmuter on Sept 5, 2022.
             Was a Follower of Yredelemnul.
             Slain by a salamander
             ... wielding a +0 spear
              (11 damage)
             ... in a volcano.
             The game lasted 00:37:35 (9897 turns).

Zeldest the Grappler (Yellow Draconian Transmuter)  Turns: 9897, Time: 00:37:36

Health: -3/77      AC:  9    Str: 13    XL:     11   Next: 98%
Magic:  12/18      EV: 12    Int: 17    God:    Yredelemnul [*.....]
Gold:   829        SH:  0    Dex: 12    Spells: 3/15 levels left

rFire   + + .      SeeInvis +     - Unarmed
rCold   x . .      Faith    .   (shield currently unavailable)
rNeg    . . .      Spirit   .   (body armour unavailable)
rPois   .          Reflect  .   l - +1 hat {SInv}
rElec   .          Harm     .   e - +0 cloak
rCorr   +          Rampage  .   (gloves currently unavailable)
Will    .....                   (no boots)
Stlth   +.........              i - amulet of regeneration
HPRegen 1.02/turn               x - ring of protection from fire
MPRegen 0.16/turn               g - ring of fire

@: short of breath, blade hands, wereblooded
A: spit acid, AC +7, unfitting armour, cold-blooded, acid resistance
a: Breathe Acid, End Transformation, Renounce Religion, Recall Undead Harvest


You were in a volcano.
You worshipped Yredelemnul.
Yredelemnul was aware of your devotion.
You had blades for hands.
You visited 3 branches of the dungeon, and saw 12 of its levels.
You also visited: Sewer, Bailey and Volcano.

You collected 854 gold pieces.
You spent 25 gold pieces at shops.

Inventory:

Missiles
 D - 4 throwing nets
Armour
 e - a +0 cloak (worn)
 f - a +2 pair of gloves (melded)
 l - a +1 hat of see invisible (worn)
 B - an orb of light (melded)
Jewellery
 g - a ring of fire (right blade hand)
 i - an amulet of regeneration (around neck)
 x - a ring of protection from fire (left blade hand)
 I - a ring of fire
Wands
 F - a wand of paralysis (11)
Scrolls
 b - 4 scrolls of torment
 j - 3 scrolls of enchant weapon
 k - a scroll of magic mapping
 p - 2 scrolls of vulnerability
 t - 4 scrolls of teleportation
 v - a scroll of immolation
 y - 4 scrolls of poison
 z - 2 scrolls of noise
 A - a scroll of amnesia
 E - a scroll of brand weapon {unknown}
Potions
 a - a potion of magic
 d - 3 potions of flight
 h - 3 potions of might
 m - 2 potions of attraction
 n - 3 potions of curing
 r - 6 potions of mutation
 s - 3 potions of brilliance {unknown}
 w - 2 potions of berserk rage {unknown}
 G - a potion of invisibility {unknown}
 H - a potion of resistance {unknown}


   Skills:
 - Level 1.1 Fighting
 - Level 1.7 Dodging
 + Level 12.5 Unarmed Combat
 * Level 2.5 Spellcasting
 + Level 10.6 Transmutations
 - Level 6.8 Poison Magic
 + Level 9.8 Invocations


You had 3 spell levels left.
You knew the following spells:

 Your Spells              Type           Power      Damage    Failure   Level
a - Beastly Appendage     Tmut           76%        N/A       9%          1
b - Wereblood             Tmut           38%        N/A       11%         2
c - Ice Form              Ice/Tmut       20%        N/A       63%         4
d - Blade Hands           Tmut           19%        N/A       36%         5

Your spell library contained the following spells:

 Spells                   Type           Power      Damage    Failure   Level
 Sting                    Tmut/Pois      100%       1d8       12%         1
 Spider Form              Tmut/Pois      31%        N/A       19%         3
 Passwall                 Tmut/Erth      16%        N/A       26%         2
 Poisonous Vapours        Pois/Air       26%        N/A       38%         2
 Magic Dart               Conj           8%         1d3       61%         1
 Ensorcelled Hibernation  Hex/Ice        4%         N/A       71%         2
 Searing Ray              Conj           4%         2d4       71%         2
 Dazzling Flash           Conj/Hex       4%         N/A       87%         3
 Swiftness                Air            2%         N/A       87%         3
 Olgreb's Toxic Radiance  Pois           25%        N/A       47%         4
 Fulminant Prism          Conj/Hex       1%         3d6       99%         4
 Iskenderun's Mystic Bla  Conj/Tloc      2%         2d3       99%         4
 Iron Shot                Conj/Erth      1%         9d1       100%        6
 Starburst                Conj/Fire      1%         6d3       100%        6
 Animate Armour           Summ/Erth      Unusable   N/A       N/A         4

Dungeon Overview and Level Annotations

Branches:
Dungeon (10/15)            Temple (1/1) D:4            Lair (1/5) D:8
  Sewer (visited)          Bailey (visited)         Volcano (1/1)
    Orc: D:9-12

Altars:
Cheibriados
Elyvilon
Gozag
Kikubaaqudgha
Makhleb
Nemelex Xobeh
Okawaru
Qazlal
Ru
Trog
Xom
Yredelemnul
Zin
The Shining One

Shops:
D:1 *   D:3 (   D:5 *

Annotations:
D:3 1 runed translucent door, Daunt's ghost, weakling DgDe
D:10 3 runed translucent doors, HedgehogGimli's ghost, journeyman FoAK


Innate Abilities, Weirdness & Mutations

You have blades for hands.
Your spellcasting is less reliable in this form.
You are incapable of wielding weapons or throwing items.
You can spit globs of acid.
Your golden yellow scales are hard. (AC +7)
You cannot fit into any form of body armour.
You are cold-blooded and may be slowed by cold attacks.
You are resistant to acid. (rCorr)


Message History

The salamander is moderately wounded.
A salamander comes into view. It is wielding a +0 trident.
The salamander hits you with a +1 halberd of freezing!
You are engulfed in flames.
You resist.
You feel yourself slow down. The salamander freezes you!
There is an open door here.
You slash the salamander!
The salamander is heavily wounded.
The salamander hits you with a +0 spear!
You are engulfed in flames.
You resist. The salamander barely misses you.
The salamander hits you with a +1 halberd of freezing!
You are engulfed in flames.
You resist. The salamander freezes you!
* * * LOW HITPOINT WARNING * * *
The salamander closely misses you.
You hit the salamander. You tail-slap the salamander.
The salamander is heavily wounded.
You feel yourself speed up. The salamander completely misses you.
The salamander hits you with a +1 halberd of freezing!
* * * LOW HITPOINT WARNING * * *
You are engulfed in flames.
You resist.
* * * LOW HITPOINT WARNING * * *
You feel yourself slow down. The salamander freezes you.
* * * LOW HITPOINT WARNING * * *
You swap places.
Your fire bat zombie bites the salamander.
Your fire bat zombie closely misses the salamander.
Your fire bat zombie barely misses the salamander.
The salamander hits you but does no damage.
Your fire bat zombie bites the salamander.
The salamander hits your fire bat zombie with a +1 halberd of freezing!
The salamander freezes your fire bat zombie.
Your fire bat zombie is destroyed!
You can no longer trade souls for undead servants.
You swap places.
You feel yourself speed up.
Your lava snake zombie bites the salamander but does no damage.
The salamander hits you from afar with a +0 spear!
You die...
Your body rises from the dead as a mindless zombie.

,,,,~~~~~§§≈§≈§≈≈§≈.#
*,,,,,~~~§§§≈≈≈≈§≈..#
***,,~,~~§≈≈§§≈§...##
**,,~~~≈§§§≈≈....#
**,,,,≈≈§§......#
*,,,,~≈§≈......##
***,,,≈≈..#..ZZ#
**,,...*##8Z8#
**,..,* ##@## **.,**
#Z# ***** *#N#* *****
*,,,* *#.N.#* *,,,*
*,_,**#..∩N.#**,_,*
*,,,*#..###..#*,,,*
**,*#..#*,*#..#*,**
**,#..#*,,,*#..#,**
*,...#*,,*,,*#...,*


You could see 3 salamanders and 4 friendly lava snake zombies.

Vanquished Creatures
  Harold (D:9)
  3 elephants (Lair:1)
  2 cane toads (Lair:1)
  Maggie (D:9)
  2 trolls
  Grinder (D:5)
  A hornet (D:9)
  Prince Ribbit (D:6)
  A vampire (D:10)
  2 humans (D:8)
  A wyvern (D:9)
  19 yaks
  3 fire bats (Volcano)
  Eustachio (D:6)
  Edmund (D:6)
  2 water moccasins
  An acid dragon (D:10)
  2 ice beasts
  4 orc warriors
  A wolf (Lair:1)
  A black bear (D:5)
  3 ogres
  2 centaurs
  3 phantoms
  2 kobold brigands
  2 gnoll sergeants
  11 bullfrogs
  6 scorpions
  3 necrophages
  8 wights
  3 killer bees (D:9)
  7 howler monkeys
  6 lava snakes (Volcano)
  3 hounds
  A jelly (D:4)
  An orc priest (D:9)
  A gnoll bouda (D:5)
  9 iguanas
  5 orc wizards
  13 gnolls
  22 adders
  3 river rats
  3 white imps
  5 worms
  2 dart slugs
  23 orcs
  6 bats
  5 endoplasms
  6 giant cockroaches
  17 goblins
  6 hobgoblins
  8 quokkas
  21 ball pythons
  9 frilled lizards
  26 kobolds
  33 rats
335 creatures vanquished.

Vanquished Creatures (collateral kills)
  An elephant (Lair:1)
  A komodo dragon (D:8)
  A polar bear (Lair:1)
  A wraith (D:9)
  5 yaks
  A fire bat (Volcano)
  A water moccasin (Lair:1)
  3 wolves (Lair:1)
  A kobold brigand (D:6)
  A wight (D:10)
  2 howler monkeys (D:9)
  A lava snake (Volcano)
  A jelly (D:8)
  An iguana (D:4)
  An orc wizard (D:9)
  An adder (D:5)
  A white imp (D:6)
  4 orcs
  3 goblins
  A hobgoblin (D:7)
  A kobold (D:6)
  A quokka (D:5)
34 creatures vanquished.

Vanquished Creatures (others)
  A spectral elephant slug (Lair:1)
  2 fire bat zombies (Volcano)
  A wyvern zombie (D:9)
  3 yak zombies (Lair:1)
  3 wolf zombies (Lair:1)
  A bullfrog zombie (D:9)
  A killer bee zombie (D:9)
  3 howler monkey zombies (D:9)
  A gnoll zombie (D:5)
  4 goblin zombies
  9 kobold zombies
  12 orc zombies
  3 fungi (Lair:1)
  5 plants (Lair:1)
49 creatures vanquished.

Grand Total: 418 creatures vanquished

Notes
Turn   | Place    | Note
-------+----------+-------------------------------------------
     0 | D:1      | Zeldest the Draconian Transmuter began the quest for the
                  | Orb.
     0 | D:1      | Reached XP level 1. HP: 16/16 MP: 3/3
   366 | D:1      | Reached XP level 2. HP: 23/23 MP: 3/5
   374 | D:1      | Learned a level 2 spell: Wereblood
   385 | D:1      | Found a faded altar of an unknown god.
   609 | D:1      | Found Axkigime's Assorted Antiques.
   689 | D:1      | Reached skill level 1 in Invocations
  1140 | D:2      | Reached XP level 3. HP: 28/28 MP: 3/6
  1339 | D:2      | Found a bloodstained altar of Trog.
  1365 | D:2      | Reached XP level 4. HP: 35/35 MP: 5/7
  1649 | D:3      | Found a glowing drain.
  1654 | D:3      | Reached skill level 4 in Unarmed Combat
  1711 | Sewer    | Entered a sewer
  1838 | Sewer    | Reached XP level 5. HP: 39/40 MP: 4/8
  1998 | Sewer    | Reached XP level 6. HP: 47/47 MP: 6/9
  2003 | Sewer    | Reached skill level 5 in Unarmed Combat
  2103 | D:3      | Found a runed translucent door.
  2115 | D:3      | Noticed Daunt's ghost (weakling DgDe)
  2225 | D:3      | Found Niuh's Weapon Shoppe.
  2944 | D:4      | Reached skill level 5 in Transmutations
  2944 | D:4      | Your scales start taking on a golden yellow colour.
  2944 | D:4      | Reached XP level 7. HP: 52/52 MP: 8/10
  2944 | D:4      | Gained mutation: You are resistant to acid. (rCorr) [Yellow
                  | Draconian growth]
  3009 | D:4      | Found a staircase to the Ecumenical Temple.
  3036 | Temple   | Entered the Ecumenical Temple
  3133 | Temple   | Became a worshipper of Yredelemnul the Dark
  3237 | D:4      | Reached * piety under Yredelemnul
  3367 | D:4      | Reached skill level 6 in Unarmed Combat
  3570 | D:5      | Entered Level 5 of the Dungeon
  3664 | D:5      | Reached XP level 8. HP: 54/59 MP: 11/11
  3692 | D:5      | Reached skill level 7 in Unarmed Combat
  3773 | D:5      | Found Kynohiha's CLEARANCE SALE!.
  3824 | D:5      | Bought a scroll of teleportation for 15 gold pieces
  3824 | D:5      | Bought a scroll of identify for 10 gold pieces
  3888 | D:5      | Reached skill level 5 in Invocations
  3902 | D:5      | Noticed Grinder
  3912 | D:5      | Paralysed by Grinder for 2 turns
  3916 | D:5      | Killed Grinder
  4185 | D:5      | Reached skill level 8 in Unarmed Combat
  4264 | D:5      | Reached ** piety under Yredelemnul
  4421 | D:6      | Reached XP level 9. HP: 56/64 MP: 10/13
  4583 | D:6      | Reached *** piety under Yredelemnul
  4584 | D:6      | Reached skill level 1 in Poison Magic
  4709 | D:6      | Noticed Prince Ribbit
  4717 | D:6      | Killed Prince Ribbit
  4758 | D:6      | Found a stormy altar of Qazlal.
  4776 | D:6      | Reached **** piety under Yredelemnul
  4782 | D:6      | Noticed Edmund
  4795 | D:6      | Killed Edmund
  4813 | D:6      | Reached skill level 9 in Unarmed Combat
  4907 | D:6      | Noticed Eustachio
  4921 | D:6      | Killed Eustachio
  5270 | D:6      | Reached ***** piety under Yredelemnul
  5676 | D:7      | Found a shimmering altar of Xom.
  5832 | D:7      | Reached XP level 10. HP: 62/71 MP: 12/15
  6023 | D:7      | Found a bloodstained altar of Trog.
  6208 | D:8      | Found a staircase to the Lair.
  6237 | D:8      | Found an iron altar of Okawaru.
  6493 | D:8      | Reached skill level 10 in Unarmed Combat
  6530 | D:8      | Found a flagged portal.
  6663 | Bailey   | Entered a bailey
  6668 | Bailey   | Noticed an orc warlord
  6780 | Bailey   | Found a runed translucent gate.
  6782 | Bailey   | Found a runed translucent gate.
  6784 | Bailey   | Found a runed translucent gate.
  6801 | Bailey   | Reached skill level 10 in Transmutations
  7533 | D:9      | Reached skill level 11 in Unarmed Combat
  7638 | D:9      | Found a sparkling altar of Nemelex Xobeh.
  7702 | D:9      | Found a glowing golden altar of the Shining One.
  7743 | D:9      | Found a snail-covered altar of Cheibriados.
  7766 | D:9      | Noticed Maggie
  7773 | D:9      | Killed Maggie
  7774 | D:9      | Reached XP level 11. HP: 69/77 MP: 15/17
  7847 | D:9      | Noticed Harold
  7865 | D:9      | Killed Harold
  7866 | D:9      | Reached skill level 5 in Poison Magic
  7872 | D:9      | Found a burning altar of Makhleb.
  8153 | D:10     | Entered Level 10 of the Dungeon
  8567 | D:10     | Noticed Gastronok
  8598 | D:10     | Killed Gastronok
  8598 | D:10     | Enslaved Gastronok
  8664 | D:10     | Found a runed translucent gate.
  8664 | D:10     | Found a runed translucent gate.
  8664 | D:10     | Found a runed translucent gate.
  8670 | D:10     | Noticed HedgehogGimli's ghost (journeyman FoAK)
  8979 | Lair:1   | Entered Level 1 of the Lair of Beasts
  9025 | Lair:1   | Reached skill level 12 in Unarmed Combat
  9035 | Lair:1   | Your ally Gastronok died
  9076 | Lair:1   | HP: 3/77 [poisoned by a cane toad]
  9081 | Lair:1   | HP: 3/77 [poisoned by a cane toad]
  9238 | Lair:1   | Learned a level 4 spell: Ice Form
  9379 | Lair:1   | Learned a level 4 spell: Olgreb's Toxic Radiance
  9659 | Lair:1   | Found a dark tunnel.
  9668 | Volcano  | Entered a volcano
  9669 | Volcano  | Acquired a book of Iron
  9715 | Volcano  | Learned a level 5 spell: Blade Hands
  9897 | Volcano  | Slain by a salamander

Illustrated notes

Levels and vault maps discovered:
D:1:      mushboom_english_gardens, layout_loops_ring, serial_shops,
          nicolae_shop_behind_doors, ebering_ecumenical_altar_webs,
          minmay_ruptured
D:2:      layout_rooms, basic_altar, minmay_misc_feat_more_columns,
          minmay_tetromino_i4
D:3:      layout_loops_corners, serial_shops, nicolae_square_shop,
          ebering_ghost_sewer_d, portal_sewer_entry_e
D:4:      layout_cave_pools, minmay_temple_entry_ruins, st_stairs_2
D:5:      minmay_diamond_boxcup, layout_rooms, kennysheep_diamond,
          nicolae_shop_clearance, uniq_grinder
D:6:      minmay_evil_eye, layout_loops_ring,
          mainiacjoe_overflow_six_doors_small, uniq_prince_ribbit1, uniq_edmund,
          uniq_eustachio
D:7:      layout_loops_ring, trog_hazing_becter, mainiacjoe_overflow_paths
D:8:      layout_loops_cross, okawaru_humans, lair_entry_dummy, enter_bailey_7
D:9:      layout_small_grid, amcnicky_altar_gilded, bloody_makhleb,
          mainiacjoe_overflow_24_doors, mainiacjoe_overflow_alcove_1,
          uniq_harold, uniq_maggie
D:10:     layout_long_grid, gammafunk_ghost_spectres, uniq_gastronok
Temple:   minmay_temple_curvy_branch
Lair:1:   layout_gridlike, lightli_volcano_entry_magma_tube
Volcano:  volcano_grotto [vgs_dualism]

Skill      XL: |  1  2  3  4  5  6  7  8  9 10 11 |
---------------+----------------------------------+-----
Invocations    | 1 2 3 4 5 6 8 9 |  9.8
Transmutations | 3 4 5 6 7 9 10 | 10.6
Unarmed Combat | 4 5 6 8 9 11 12 | 12.5
Poison Magic   | 2 4 6 |  6.8
Fighting       | |  1.1
Dodging        | |  1.7
Spellcasting   | |  2.5

Action                   |  1- 3 |  4- 6 |  7- 9 | 10-12 || total
-------------------------+-------+-------+-------+-------++-------
Melee: Unarmed           |   117 |   244 |   247 |   302 ||   910
       Kick              |    15 |    45 |    47 |    99 ||   206
       Tailslap          |    14 |    14 |    43 |    53 ||   124
       Headbutt          |     3 |    15 |    38 |    65 ||   121
       Punch             |       |     7 |     3 |       ||    10
 Cast: Beastly Appendage |    11 |    24 |    27 |    24 ||    86
       Wereblood         |     6 |    17 |    16 |    20 ||    59
       Blade Hands       |       |       |       |     3 ||     3
       Ice Form          |       |       |       |     1 ||     1
Invok: Recall Undead Har |       |       |     1 |     3 ||     4
       Bind Soul         |       |       |       |     1 ||     1
 Abil: Breathe Acid      |       |       |    26 |    19 ||    45
       End Transformatio |       |       |       |     1 ||     1
Evoke: Wand              |       |       |       |     8 ||     8
  Use: Potion            |       |     1 |       |     2 ||     3
       Scroll            |       |       |       |    23 ||    23
 Stab: Sleeping          |       |     1 |       |       ||     1
       Distracted        |       |       |     1 |     6 ||     7
       Invisible         |       |       |       |     1 ||     1
Armor: Skin              |    39 |   174 |    64 |    94 ||   371
Dodge: Dodged            |    66 |   170 |   132 |   176 ||   544
